 Dungeon Crawl Stone Soup version 0.29.1-12-g30fa7ad0bf (webtiles) character file.

Game seed: 2547194843313222665

3127 Lamentation the Tainted (level 9, -6/71 HPs)
             Began as a Demonspawn Abyssal Knight on Jan 7, 2023.
             Was a Follower of Yredelemnul.
             Mangled by an orange demon (9 damage)
             ... on level 2 of the Abyss.
             The game lasted 00:50:27 (9458 turns).

Lamentation the Tainted (Demonspawn Abyssal Knight) Turns: 9458, Time: 00:50:28

Health: -6/71      AC: 12    Str: 18    XL:     9   Next: 61%
Magic:  0/15       EV: 15    Int: 11    God:    Yredelemnul [*.....]
Gold:   731        SH:  0    Dex: 14    Spells: 15/16 levels left

rFire   . . .      SeeInvis .   (weapon currently unavailable)
rCold   . . .      Faith    .   (shield currently unavailable)
rNeg    + + +      Spirit   +   (body armour currently unavailable)
rPois   +          Reflect  .   (helmet currently unavailable)
rElec   .          Harm     .   (cloak currently unavailable)
rCorr   .          Rampage  .   (gloves currently unavailable)
Will    .....                   (boots currently unavailable)
Stlth   +.........              (no amulet)
HPRegen 0.21/turn               (no ring)
MPRegen 0.28/turn               (no ring)

@: mighty, about to teleport, fungus-form (expiring), constricted
A: melee confuse, terrified, no casting, tiny, (horns 1), powered by pain 2,
magic shield, magic regeneration, (sturdy frame 1)
a: Renounce Religion, Recall Undead Harvest


You were on level 2 of the Abyss.
You worshipped Yredelemnul.
Yredelemnul was noncommittal.
You were a sentient fungus.
You visited 2 branches of the dungeon, and saw 8 of its levels.
You visited the Abyss 2 times.
You also visited: Sewer.

You collected 731 gold pieces.

Inventory:

Hand Weapons
 d - a +1 whip of venom
 j - a +2 vorpal sling
 u - the +10 hand axe "Ultimatum" (melded) {flame, Int+4}
   (You found it on level 3 of the Dungeon)

   It burns those it strikes, dealing additional fire damage.
   Big, fiery blades are also staple armaments of hydra-hunters.
   Int:       It affects your intelligence (+4).
Missiles
 a - a curare-tipped dart
 z - 9 poisoned darts (quivered)
Armour
 b - a +0 pair of gloves (melded)
 p - a +0 chain mail (melded)
 y - a +0 cloak (melded)
Jewellery
 G - a ring of willpower
Wands
 w - a wand of mindburst (37)
 F - a wand of polymorph (16)
Scrolls
 g - a scroll of poison
 h - 12 scrolls of identify
 r - 5 scrolls of teleportation
 A - a scroll of blinking {unknown}
 C - a scroll of amnesia {unknown}
 D - a scroll of silence {unknown}
 H - a scroll of enchant weapon {unknown}
 I - a scroll of magic mapping {unknown}
 J - a scroll of vulnerability {unknown}
Potions
 c - 3 potions of might
 k - a potion of ambrosia {unknown}
 m - a potion of resistance {unknown}
 n - 2 potions of berserk rage {unknown}
 o - 2 potions of lignification {unknown}
 s - 5 potions of haste {unknown}
 t - 5 potions of attraction {unknown}
 v - a potion of mutation {unknown}
 x - 2 potions of degeneration {unknown}
 B - 2 potions of cancellation {unknown}
 E - 3 potions of curing {unknown}


   Skills:
 + Level 6.5 Fighting
 * Level 6.1(6.5) Axes
 - Level 3.3(5.1) Maces & Flails
 + Level 5.0 Armour
 - Level 0.8 Dodging
 + Level 4.0 Spellcasting
 + Level 4.9 Necromancy
 + Level 6.6 Invocations


You had 15 spell levels left.
You knew the following spells:

 Your Spells              Type           Power      Damage    Failure   Level
a - Necrotise             Necr           52%        1d6       3%          1

Your spell library contained the following spells:

 Spells                   Type           Power      Damage    Failure   Level
 Apportation              Tloc           4%         N/A       24%         1
 Summon Small Mammal      Summ           8%         N/A       24%         1
 Call Canine Familiar     Summ           2%         N/A       56%         3
 Portal Projectile        Hex/Tloc       4%         N/A       56%         3
 Leda's Liquefaction      Hex/Erth       1%         N/A       93%         4
 Borgnjor's Vile Clutch   Necr/Erth      3%         N/A       94%         5
 Animate Dead             Necr           Unusable   N/A       N/A         4
 Death Channel            Necr           Unusable   N/A       N/A         6

Dungeon Overview and Level Annotations

Branches:
Dungeon (7/15)             Temple (1/1) D:6           Sewer (visited)

Altars:
Cheibriados
Dithmenos
Kikubaaqudgha
Makhleb
Nemelex Xobeh
Okawaru
Sif Muna
Yredelemnul

Shops:
D:3 (


Innate Abilities, Weirdness & Mutations

You are a sentient fungus.
You are tiny and evasive.
Your melee attack releases spores that confuse breathing creatures.
You become terrified and freeze when enemies are visible.
Your armour is entirely melded.
You are incapable of wielding weapons or throwing items.
You cannot cast spells.
((You have a pair of small horns on your head.))
You sometimes gain power by taking damage.
When hurt, damage is shared between your health and your magic reserves.
You regenerate magic rapidly.
((Your movements are slightly less encumbered by armour. (ER -2)))


Message History

The anaconda zombie barely misses you. The anaconda zombie constricts you.
You barely miss the anaconda zombie.
The anaconda zombie is moderately damaged.
The orange demon completely misses you.
Your spectral efreet hits the anaconda zombie!
The anaconda zombie bites you.
* * * LOW HITPOINT WARNING * * *
The anaconda zombie constricts you. The orange demon closely misses you.
You barely miss the anaconda zombie.
The anaconda zombie is moderately damaged.
The anaconda zombie bites you.
* * * LOW HITPOINT WARNING * * *
The anaconda zombie constricts you.
* * * LOW HITPOINT WARNING * * *
The orange demon closely misses you.
Your spectral efreet hits the anaconda zombie!
The orange demon stings you but does no damage.
As you read the scroll of immolation, it crumbles to dust.
The creatures around you are filled with an inner flame!
The anaconda zombie bites you!
* * * LOW HITPOINT WARNING * * *
The anaconda zombie constricts you.
* * * LOW HITPOINT WARNING * * *
The orange demon barely misses you.
Your spectral efreet hits the anaconda zombie.
Flame seeps out of the anaconda zombie.
The anaconda zombie is engulfed in blazing flames.
Flame seeps out of the anaconda zombie.
The anaconda zombie bites your spectral efreet.
The anaconda zombie constricts you. The orange demon completely misses you.
You release spores at the anaconda zombie!
Flame seeps out of the anaconda zombie.
The anaconda zombie is severely damaged.
The anaconda zombie is engulfed in blazing flames.
Flame seeps out of the anaconda zombie.
The anaconda zombie barely misses you. The anaconda zombie constricts you.
* * * LOW HITPOINT WARNING * * *
The orange demon stings you from afar!
You die...
Your body rises from the dead as a mindless zombie.

..~~ .~~~...
...~..# .≈~...
### .~~~♣. #..
###.....##
#...##4..#...#
#....ZZ.......
##.##f......⌠
##.#......8.
#4#...#.⌠
#...#### .##
###


You could see 2 orange demons, an anaconda zombie (inner flame, ally target) and
a friendly spectral efreet.

Vanquished Creatures
  A worldbinder (Abyss:2)
  An efreet (Abyss:2)
  Menkaure (D:7)
  A large abomination (Abyss:2)
  2 water moccasins
  An ice beast (D:5)
  A sky beast (D:7)
  A black bear (D:7)
  4 ogres
  A phantom (D:5)
  A kobold brigand (D:6)
  A bullfrog (D:6)
  2 necrophages (D:5)
  A scorpion (D:7)
  A gnoll sergeant (D:5)
  A wight (D:6)
  A howler monkey (D:5)
  A gnoll bouda (D:5)
  An orc priest (D:5)
  5 hounds
  4 jellies (Sewer)
  9 iguanas
  An orc wizard (D:5)
  8 adders
  4 river rats (Sewer)
  5 gnolls
  A shadow imp (D:6)
  2 white imps
  2 ufetubi (D:6)
  3 dart slugs
  4 worms
  19 orcs
  14 endoplasms
  11 giant cockroaches
  5 hobgoblins
  16 jackals
  2 quokkas
  13 ball pythons
  4 bats
  7 frilled lizards
  8 goblins
  11 kobolds
  6 rats
188 creatures vanquished.

Vanquished Creatures (others)
  A human (D:4)
1 creature vanquished.

Grand Total: 189 creatures vanquished

Notes
Turn   | Place    | Note
-------+----------+-------------------------------------------
     0 | Abyss:1  | Lamentation the Demonspawn Abyssal Knight began the quest
                  | for the Orb.
     0 | Abyss:1  | Reached XP level 1. HP: 18/18 MP: 2/2
    53 | Abyss:1  | Found a corrupted altar of Lugonu.
    61 | Abyss:1  | Noticed a worldbinder
    62 | Abyss:1  | Noticed an ice devil
    63 | Abyss:1  | Noticed a manticore
    63 | Abyss:1  | Noticed a snapping turtle
    64 | D:1      | Escaped the Abyss
   689 | D:1      | Reached ** piety under Lugonu
  1012 | D:1      | Gained mutation: Your movements are slightly less
                  | encumbered by armour. (ER -2) [demonic ancestry]
  1012 | D:1      | Reached XP level 2. HP: 18/24 MP: 3/3
  1609 | D:1      | Gained mutation: You sometimes gain a little power by
                  | taking damage. [demonic ancestry]
  1609 | D:1      | Reached XP level 3. HP: 29/29 MP: 5/5
  1803 | D:1      | Found a faded altar of an unknown god.
  2683 | D:2      | Reached XP level 4. HP: 36/37 MP: 6/6
  2723 | D:2      | Reached *** piety under Lugonu
  3408 | D:3      | Identified the +10 hand axe "Ultimatum" {flame, Int+4}
  3436 | D:3      | Learned a level 1 spell: Necrotise
  3744 | D:3      | Found Hoav's Weapon Emporium.
  4218 | D:4      | Found a glowing drain.
  4238 | D:4      | Gained mutation: You sometimes gain power by taking damage.
                  | [demonic ancestry]
  4238 | D:4      | Reached XP level 5. HP: 30/42 MP: 7/7
  4325 | Sewer    | Entered a sewer
  4659 | Sewer    | Reached skill level 1 in Axes
  4666 | Sewer    | Found a viscous altar of Jiyva.
  4732 | Sewer    | Gained mutation: You have a pair of small horns on your
                  | head. [demonic ancestry]
  4732 | Sewer    | Reached XP level 6. HP: 49/49 MP: 8/8
  4841 | Sewer    | Reached skill level 1 in Necromancy
  4945 | D:4      | Reached **** piety under Lugonu
  5112 | D:4      | Found an ancient bone altar of Kikubaaqudgha.
  5113 | D:4      | Noticed a human
  5115 | D:4      | Killed a human
  5387 | D:5      | Entered Level 5 of the Dungeon
  5430 | D:5      | Reached skill level 1 in Spellcasting
  5664 | D:5      | HP: 1/50 [ogre/+0 giant club (14)]
  5667 | D:4      | Gained mutation: You regenerate magic rapidly. [demonic
                  | ancestry]
  5667 | D:4      | Reached XP level 7. HP: 1/55 MP: 9/9
  6237 | D:5      | Reached skill level 5 in Fighting
  6827 | D:5      | Gained mutation: When hurt, damage is shared between your
                  | health and your magic reserves. [demonic ancestry]
  6827 | D:5      | Reached XP level 8. HP: 61/62 MP: 7/11
  7358 | D:5      | Reached skill level 5 in Invocations
  8066 | D:6      | Reached skill level 5 in Axes
  8290 | D:6      | Found a burning altar of Makhleb.
  8420 | D:6      | Found a staircase to the Ecumenical Temple.
  8450 | Temple   | Entered the Ecumenical Temple
  8460 | Temple   | Fell from the grace of Lugonu
  8460 | Temple   | Became a worshipper of Yredelemnul the Dark
  8703 | D:6      | Reached XP level 9. HP: 62/69 MP: 11/13
  8709 | D:6      | Reached * piety under Yredelemnul
  9169 | D:7      | Noticed Menkaure
  9176 | D:7      | Killed Menkaure
  9202 | D:7      | Noticed an ancient zyme
  9202 | Abyss:2  | Cast into level 2 of the Abyss (Lugonu's touch)
  9203 | Abyss:2  | Found a corrupted altar of Lugonu.
  9421 | Abyss:2  | Noticed an apocalypse crab
  9423 | Abyss:2  | Noticed a worldbinder
  9424 | Abyss:2  | Noticed a naga warrior
  9424 | Abyss:2  | Noticed a black mamba
  9425 | Abyss:2  | Noticed an efreet
  9425 | Abyss:2  | an apocalypse crab changed into an efreet
  9426 | Abyss:2  | Noticed a black mamba
  9432 | Abyss:2  | Noticed a black mamba
  9432 | Abyss:2  | Noticed a black mamba
  9432 | Abyss:2  | Noticed a black mamba
  9442 | Abyss:2  | Killed an efreet
  9443 | Abyss:2  | Noticed a black mamba
  9443 | Abyss:2  | Noticed a mana viper
  9444 | Abyss:2  | Noticed a black mamba
  9446 | Abyss:2  | Noticed an orange demon
  9447 | Abyss:2  | Noticed a black mamba
  9451 | Abyss:2  | Killed a worldbinder
  9451 | Abyss:2  | Noticed an orange demon
  9452 | Abyss:2  | Reached skill level 5 in Armour
  9458 | Abyss:2  | HP: 3/71 [constriction (1)]
  9458 | Abyss:2  | Mangled by an orange demon

Illustrated notes

Levels and vault maps discovered:
D:1:      minmay_arrival_checkered_box, layout_basic,
          ebering_ecumenical_altar_box, grunt_decor_mini_mirrors,
          minmay_pentomino_w4
D:2:      layout_basic
D:3:      layout_rooms, serial_rivers, chequers_serial_rivers_large_b,
          chequers_serial_rivers_micro_e, chequers_serial_rivers_marsh,
          chequers_serial_rivers_small_3, chequers_serial_rivers_micro_d,
          serial_shops, nicolae_shop_temple_entry_statues_fountains
D:4:      layout_basic, tgw_kikubaaqudgha, gup_sewer_entry_glass, serial_rivers,
          chequers_serial_rivers_micro_e, chequers_serial_rivers_micro_d,
          chequers_serial_rivers_small_a, chequers_serial_rivers_small_3,
          chequers_serial_rivers_micro_c
D:5:      minmay_polygon_palace, layout_basic, serial_rivers,
          chequers_serial_rivers_micro_a, chequers_serial_rivers_micro_e,
          chequers_serial_rivers_marsh, chequers_serial_rivers_small_b,
          chequers_serial_rivers_micro_b, minivault_19
D:6:      layout_rooms, grunt_temple_overflow_open,
          minmay_temple_entry_sparse_star, dk_noncrumbling_2,
          nicolae_fountain_basement
D:7:      layout_basic, david_defended_altar_orc, uniq_menkaure
Temple:   compressed_dpeg_circular_temple
Abyss:2:  base: D:3, hangedman_abyss_monster_moat

Skill      XL: |  1  2  3  4  5  6  7  8  9 |
---------------+----------------------------+-----
Maces & Flails | 2 3 |  3.3
Armour         | 2 3 4 5 |  5.0
Fighting       | 4 5 6 |  6.5
Axes           | 1 2 3 5 6 |  6.1
Invocations    | 3 4 5 6 |  6.6
Necromancy     | 1 2 4 |  4.9
Spellcasting   | 1 2 3 4 |  4.0
Dodging        | |  0.8

Action                   |  1- 3 |  4- 6 |  7- 9 || total
-------------------------+-------+-------+-------++-------
Melee: Whip              |   130 |    31 |       ||   161
       Mace              |    10 |       |       ||    10
       Punch             |     2 |     2 |     2 ||     6
       Hand axe          |       |    98 |   149 ||   247
       Headbutt          |       |     6 |    17 ||    23
       Unarmed           |       |       |    21 ||    21
Throw: Dart              |       |     6 |    14 ||    20
 Cast: Necrotise         |       |       |    16 ||    16
Invok: Depart the Abyss  |     1 |       |       ||     1
       Bend Space        |       |     4 |       ||     4
       Banish            |       |       |     1 ||     1
  Use: Potion            |       |       |     7 ||     7
       Scroll            |       |       |     9 ||     9
 Stab: Distracted        |       |       |     1 ||     1
Armor: Leather armour    |    38 |       |       ||    38
       Chain mail        |     1 |    55 |    80 ||   136
       Skin              |       |       |    45 ||    45
Dodge: Dodged            |    76 |    42 |   116 ||   234
